 Dungeon Crawl Stone Soup version 0.23.2-1-ga50397a6bc (webtiles) character file.

Game seed: 13700525008580692974

71635 Foic the Severer (level 14, -5/141 HPs)
             Began as a Deep Dwarf Berserker on May 14, 2019.
             Was a Priest of Trog.
             Slain by a merfolk
             ... wielding a +0 trident
              (14 damage)
             ... on level 1 of the Shoals on May 15, 2019.
             The game lasted 02:04:59 (18600 turns).

Foic the Severer (Deep Dwarf Berserker)            Turns: 18600, Time: 02:05:01

Health: -5/141     AC: 24    Str: 23    XL:     14   Next: 98%
Magic:  14/14      EV: 13    Int: 19    God:    Trog [***...]
Gold:   106        SH: 12    Dex: 16    Spells: 13/13 levels left

rFire    . . .     SeeInvis .   A - +5 war axe of Profit {flame, *Slow Str-3 Int+10 Stlth+}
rCold    . . .     Gourm    .   j - +0 shield
rNeg     + . .     Faith    .   r - +0 plate armour
rPois    .         Spirit   .   y - +0 helmet
rElec    .         Reflect  .   (no cloak)
rCorr    .         Harm     .   v - +2 pair of gloves
MR       ++...                  g - +2 pair of boots of the Assassin {Detection Stab+ Stlth++}
Stlth    +.........             (no amulet)
HPRegen  0.00/turn              X - +1 ring of protection
MPRegen  0.14/turn              G - +5 ring of strength

@: about to teleport, mesmerised, non-regenerating, very slow
A: damage resistance, heal wounds, negative energy resistance 1, sense
surroundings 2, no regeneration
a: Heal Wounds, Berserk, Trog's Hand, Renounce Religion


You were on level 1 of the Shoals.
You worshipped Trog.
Trog was most pleased with you.
You were hungry.

You visited 7 branches of the dungeon, and saw 22 of its levels.

You collected 2248 gold pieces.
You spent 2142 gold pieces at shops.

Inventory:

Hand Weapons
 a - a +3 hand axe of venom
 h - a +2 vampiric war axe
 l - a +0 hunting sling
 A - the +5 war axe of Profit (weapon) {flame, *Slow Str-3 Int+10 Stlth+}
   (You found it on level 6 of the Dungeon)

   It has been specially enchanted to burn those struck by it, causing extra
   injury to most foes and up to half again as much damage against particularly
   susceptible opponents.
   Big, fiery blades are also staple armaments of hydra-hunters.
   It affects your strength (-3).
   It affects your intelligence (+10).
   It may slow you when you take damage.
   It makes you more stealthy.
Missiles
 d - 438 stones (quivered)
 n - 175 sling bullets
 p - 3 needles of sleeping
 K - 3 tomahawks of returning
 N - 18 tomahawks
Armour
 f - a +2 buckler of fire resistance
 g - the +2 pair of boots of the Assassin (worn) {Detection Stab+ Stlth++}
   (You bought it in a shop on level 2 of the Orcish Mines)

   It makes you much more stealthy.
 j - a +0 shield (worn)
 r - a +0 plate armour (worn)
 v - a +2 pair of gloves (worn)
 y - a +0 helmet (worn)
 D - +0 steam dragon scales
 L - a scarf of spirit shield
 S - a +1 troll leather armour {Snorg}
Jewellery
 w - a +2 ring of strength
 C - an uncursed amulet of rage
 F - an uncursed ring of flight
 G - a +5 ring of strength (right hand)
 P - an uncursed ring of protection from fire
 W - the ring "Uhal" {MP+9 SInv}
   (You found it on level 3 of the Lair of Beasts)

   [ring of magical power]

   It affects your magic capacity (+9).
   It lets you see invisible.
 X - a +1 ring of protection (left hand)
Wands
 e - a wand of random effects (15)
 B - a wand of disintegration (12)
 E - a wand of polymorph (7)
 T - a wand of iceblast (18)
 U - a wand of flame (14)
Scrolls
 b - 2 scrolls of blinking
 k - 10 scrolls of remove curse
 m - 6 scrolls of teleportation
 o - 9 scrolls of identify
 s - a scroll of magic mapping
 u - a scroll of fog
 x - 3 scrolls of enchant weapon
 M - 5 scrolls of enchant armour
 Q - a scroll of fear
Potions
 i - 3 potions of resistance
 H - a potion of haste
 I - 8 potions of curing
 O - a potion of agility
Comestibles
 c - 40 rations
 t - 13 chunks of flesh


   Skills:
 * Level 13.0 Fighting
 + Level 16.1 Axes
 + Level 10.8 Armour
 * Level 12.8 Dodging
 + Level 1.3 Stealth
 + Level 9.2 Shields


You had 13 spell levels left.
You didn't know any spells.
Your spell library was empty.

Dungeon Overview and Level Annotations

Branches:
Dungeon (9/15)             Temple (0/1) D:6            Lair (6/6) D:9
 Shoals (2/4) Lair:3       Spider (1/4) Lair:3        Slime (1/5) Lair:6
    Orc (2/2) D:9             Elf (1/3) Orc:2

Altars:
Gozag
Okawaru
Wu Jian
Beogh
Jiyva

Shops:
D:5 :   D:9 *:   Orc:1 [   Orc:2 (:[*   Elf:1 *

Annotations:
D:7 2 runed translucent doors and catacables, Foic's ghost, novice HuAs
Lair:3 exclusion: 2 oklob plants
Lair:5 exclusion: oklob plant


Innate Abilities, Weirdness & Mutations

You are resistant to damage.
You can heal yourself by infusing magical energy.
You resist negative energy. (rN+)
You passively map the area around you.
You do not regenerate.


Message History

You slash the merfolk avatar! You burn the merfolk avatar.
You are engulfed in a cloud of scalding steam.
* * * LOW HITPOINT WARNING * * *
The merfolk avatar chants its luring song. x2
Unknown command.
Okay, then.
You feel much better.
You are engulfed in a cloud of scalding steam.
You block the merfolk's attack.
The merfolk hits you from afar with a +0 trident!
* * * LOW HITPOINT WARNING * * *
The merfolk avatar chants its luring song.
As you read the scroll of teleportation, it crumbles to dust.
You feel strangely unstable.
You are engulfed in a cloud of scalding steam.
* * * LOW HITPOINT WARNING * * *
The merfolk avatar chants its luring song.
You block the merfolk's attack.
The merfolk hits you from afar with a +0 trident!
You die...

≈≈###...##((##...≈..##
, .. #...##...........#
, , ≈ ##
##.....(((.......## .*
≈≈
##.......).≈.≈≈≈≈..#..
* ≈
#........(≈.>≈≈.....≈.#
,
#..######≈(≈.≈≈.#.≈≈≈.#
*#### ##≈≈≈m§.§#..≈.##
* #...≈≈)?......# , ≈ ,
#.?...≈≈mm@§.....# ***
#...≈≈≈≈m≈≈≈..≈.## ,
#....≈≈≈≈..≈≈≈≈.≈.# ,,
..≈≈.≈≈≈≈.≈≈≈≈.....
,,.......≈≈≈≈≈≈≈≈.... ,
≈ ≈≈.#......≈≈.......,
* ≈ , ,
#......≈≈....... * , ,*
..............# ,, ,,
,, ,, * ,


You could see 2 merfolk avatars and 2 merfolk.

Vanquished Creatures
  An orc warlord (Orc:2)
  A dire elephant (Lair:6)
  A deep elf annihilator (Elf:1)
  Snorg (Orc:1)
  Harold (Orc:1)
  8 hydras
  2 catoblepae
  A merfolk aquamancer (Shoals:1)
  A two-headed ogre (D:7)
  4 orc high priests
  3 deep elf knights
  A fire crab (Lair:4)
  A sea snake (Lair:3)
  An unseen horror (D:7)
  A deep elf archer (Elf:1)
  3 harpies (Shoals:1)
  2 orc knights
  4 orc sorcerers
  An ugly thing (D:7)
  8 deep elf magi (Elf:1)
  A manticore (D:7)
  6 elephants
  4 black mambas
  8 spiny frogs
  A rime drake (Lair:3)
  7 komodo dragons
  A demonic crawler (Lair:3)
  2 merfolk (Shoals:1)
  3 trolls
  12 polar bears
  Grinder (D:4)
  6 blink frogs
  3 wind drakes
  6 hippogriffs
  5 snapping turtles
  10 dream sheep
  Sigmund (D:2)
  An air elemental (Elf:1)
  5 wyverns
  4 water elementals
  36 yaks
  2 steam dragons
  6 basilisks
  9 wargs
  A hungry ghost (D:8)
  Menkaure (D:4)
  A soldier ant (D:8)
  15 hell hounds (Lair:6)
  16 water moccasins
  14 porcupines
  3 sky beasts
  12 black bears
  4 phantoms
  28 orc warriors
  3 ice beasts
  49 wolves
  6 centaurs
  10 ogres
  9 crocodiles
  2 big kobolds
  14 bullfrogs
  10 killer bees
  A wight (D:6)
  An electric eel (D:9)
  A howler monkey (D:8)
  A bullfrog zombie (D:5)
  3 crimson imps
  17 orc priests
  4 centaur skeletons
  3 hounds
  A jelly (D:6)
  A bullfrog skeleton (D:9)
  25 orc wizards
  Natasha (thrice) (D:3)
  2 iguanas
  7 worker ants
  2 killer bee zombies (D:5)
  A worker ant zombie (D:7)
  A howler monkey zombie (D:9)
  7 gnolls
  14 adders
  3 howler monkey skeletons
  2 hound simulacra (D:9)
  2 shadow imps (D:7)
  2 white imps (D:9)
  3 oozes
  2 adder skeletons
  A worm (D:3)
  2 dart slugs
  An adder simulacrum (D:9)
  4 leopard geckos
  62 orcs
  4 giant cockroaches
  7 goblins
  12 hobgoblins
  13 jackals
  20 kobolds
  5 quokkas
  6 bats
  3 frilled lizards
  2 jackal skeletons (D:5)
  A jackal zombie (D:8)
  A quokka skeleton (D:5)
  10 rats
  3 fungi (Orc:2)
  3 plants
653 creatures vanquished.

Vanquished Creatures (others)
  9 fungi
  10 plants
19 creatures vanquished.

Grand Total: 672 creatures vanquished

Notes
Turn   | Place    | Note
-------+----------+-------------------------------------------
     0 | D:1      | Foic the Deep Dwarf Berserker began the quest for the Orb.
     0 | D:1      | Reached XP level 1. HP: 20/20 MP: 1/1
   190 | D:1      | Reached XP level 2. HP: 21/27 MP: 2/2
   801 | D:2      | Reached XP level 3. HP: 25/33 MP: 3/3
   812 | D:2      | Reached skill level 4 in Axes
   944 | D:2      | Reached ** piety under Trog
   996 | D:2      | Reached XP level 4. HP: 23/42 MP: 4/4
  1198 | D:2      | Noticed Sigmund
  1236 | D:2      | Killed Sigmund
  1236 | D:2      | Reached skill level 5 in Axes
  1236 | D:2      | Reached skill level 1 in Shields
  1236 | D:2      | Reached XP level 5. HP: 33/49 MP: 5/5
  1305 | D:2      | Reached XP level 6. HP: 29/57 MP: 6/6
  1396 | D:3      | Noticed Natasha
  1404 | D:3      | Killed Natasha
  1610 | D:3      | Noticed Natasha
  1616 | D:3      | Killed Natasha
  1637 | D:3      | Noticed Natasha
  1684 | D:3      | Killed Natasha
  1794 | D:3      | Reached XP level 7. HP: 40/64 MP: 7/7
  1847 | D:3      | Reached skill level 6 in Axes
  2530 | D:4      | Noticed Menkaure
  2539 | D:4      | Killed Menkaure
  2539 | D:4      | Reached skill level 5 in Dodging
  2555 | D:4      | Noticed Grinder
  2600 | D:4      | Reached XP level 8. HP: 54/73 MP: 8/8
  2654 | D:4      | Paralysed by Grinder for 7 turns
  2681 | D:4      | Killed Grinder
  2681 | D:4      | Reached skill level 7 in Axes
  2791 | D:4      | Reached skill level 5 in Fighting
  3188 | D:5      | Entered Level 5 of the Dungeon
  3250 | D:4      | Reached skill level 5 in Armour
  3449 | D:5      | Found Tuggit's Book Shoppe.
  3561 | D:5      | Reached skill level 8 in Axes
  3698 | D:5      | Gained mutation: You passively map the area around you.
                  | [Deep Dwarf growth]
  3698 | D:5      | Reached XP level 9. HP: 61/81 MP: 9/9
  4037 | D:6      | Reached *** piety under Trog
  4058 | D:6      | Got an iridescent war axe
  4059 | D:6      | Identified the +5 war axe of Profit {flame, *Slow Str-3
                  | Int+10 Stlth+} (You found it on level 6 of the Dungeon)
  4170 | D:6      | Found an opulent altar of Gozag.
  4277 | D:6      | Found a staircase to the Ecumenical Temple.
  4713 | D:6      | Reached skill level 9 in Axes
  4759 | D:7      | Noticed a troll
  4774 | D:6      | Killed a troll
  4816 | D:7      | Noticed a green ugly thing
  4901 | D:7      | Killed a green ugly thing
  4901 | D:7      | Reached XP level 10. HP: 71/92 MP: 10/10
  4923 | D:7      | Noticed a two-headed ogre
  4931 | D:7      | Killed a two-headed ogre
  4931 | D:7      | Reached skill level 10 in Axes
  5027 | D:7      | Found a large runed translucent door.
  5027 | D:7      | Found a large runed translucent door.
  5028 | D:7      | Noticed Foic's ghost (novice HuAs)
  5119 | D:7      | Reached skill level 5 in Shields
  5126 | D:7      | Noticed a manticore
  5136 | D:7      | Killed a manticore
  5209 | D:7      | Noticed a catoblepas
  5307 | D:7      | Noticed an unseen horror
  5319 | D:7      | Killed an unseen horror
  5531 | D:7      | Got a spiked ring mail
  5542 | D:7      | Identified the cursed +1 ring mail of the Disturbing Cities
                  | {rF+ SInv Stlth+} (You found it on level 7 of the Dungeon)
  5727 | D:8      | Reached skill level 11 in Axes
  6316 | D:8      | Found an iron altar of Okawaru.
  6497 | D:9      | Found a staircase to the Lair.
  6497 | D:9      | Noticed an elephant
  6519 | D:9      | Killed an elephant
  6519 | D:9      | Reached XP level 11. HP: 95/103 MP: 11/11
  6929 | D:9      | Reached **** piety under Trog
  6995 | D:9      | Found a staircase to the Orcish Mines.
  7040 | Orc:1    | Entered Level 1 of the Orcish Mines
  7172 | Orc:1    | Noticed Harold
  7182 | Orc:1    | Reached skill level 12 in Axes
  7184 | Orc:1    | Killed Harold
  7536 | Orc:1    | Noticed Snorg
  7550 | Orc:1    | Killed Snorg
  7655 | Orc:2    | Entered Level 2 of the Orcish Mines
  7655 | Orc:2    | Found a staircase to the Elven Halls.
  7682 | Orc:2    | Noticed an orc sorcerer
  7698 | Orc:1    | Killed an orc sorcerer
  8046 | D:9      | Found Dovarusm's Assorted Antiques.
  8221 | D:9      | Found Jeonir's Book Shop.
  8358 | Lair:1   | Entered Level 1 of the Lair of Beasts
  8530 | Lair:1   | Reached XP level 12. HP: 80/114 MP: 12/12
  8623 | Lair:1   | Reached skill level 10 in Dodging
  8654 | Lair:1   | Reached skill level 13 in Axes
  8762 | Lair:1   | Noticed a six-headed hydra
  8773 | Lair:1   | Killed a two-headed hydra
  8947 | Lair:1   | Noticed a four-headed hydra
  8957 | Lair:1   | Killed a one-headed hydra
  9168 | Lair:1   | Reached skill level 10 in Fighting
  9191 | Lair:1   | Identified the Grimoire of the Lethal Frostbite
  9663 | Lair:2   | Reached skill level 14 in Axes
  9888 | Lair:2   | Noticed a five-headed hydra
  9896 | Lair:2   | Killed a one-headed hydra
 10575 | Lair:3   | Got a heavily runed turquoise ring
 10644 | Lair:3   | Noticed an eight-headed hydra
 10653 | Lair:3   | Killed a four-headed hydra
 10653 | Lair:3   | Reached XP level 13. HP: 124/124 MP: 13/13
 10726 | Lair:3   | Found a hole to the Spider Nest.
 11078 | Lair:3   | Found a staircase to the Shoals.
 12314 | Lair:4   | Received a gift from Trog
 13111 | Lair:5   | Found an ornate altar of the Wu Jian Council.
 13178 | Lair:5   | Reached skill level 15 in Axes
 14061 | Lair:6   | Entered Level 6 of the Lair of Beasts
 14081 | Lair:6   | Identified the ring "Uhal" {MP+9 SInv} (You found it on
                  | level 3 of the Lair of Beasts)
 14382 | Lair:6   | Found a viscous altar of Jiyva.
 14385 | Lair:6   | Found a staircase to the Slime Pits.
 14395 | Slime:1  | Entered Level 1 of the Pits of Slime
 14395 | Slime:1  | Noticed an acid blob
 14453 | Lair:6   | Gained mutation: You resist negative energy. (rN+) [Deep
                  | Dwarf growth]
 14453 | Lair:6   | Reached XP level 14. HP: 95/136 MP: 14/14
 14763 | Lair:6   | Reached skill level 1 in Stealth
 14833 | Lair:6   | Reached skill level 10 in Armour
 15740 | Orc:2    | Noticed an orc warlord
 16156 | Orc:2    | Found Jusublal's General Store.
 16267 | Orc:2    | Found Fuvoug's Antique Armour Shoppe.
 16409 | Orc:2    | Killed an orc warlord
 16443 | Orc:2    | Found a roughly hewn altar of Beogh.
 16468 | Orc:2    | Bought a potion of curing for 42 gold pieces
 16793 | Orc:2    | Found Asyighiu's Antique Weapon Shoppe.
 16921 | Orc:2    | Found Yrghixor's Book Boutique.
 17186 | Orc:1    | Found Coiciyg's Armour Emporium.
 17249 | Orc:2    | Bought the +2 pair of boots of the Assassin {Detection
                  | Stab+ Stlth++} for 2100 gold pieces
 17249 | Orc:2    | Found the +2 pair of boots of the Assassin {Detection Stab+
                  | Stlth++}
 17270 | Elf:1    | Entered Level 1 of the Elven Halls
 17424 | Elf:1    | Reached skill level 16 in Axes
 17669 | Elf:1    | Found Anobaj's Assorted Antiques.
 18145 | Spider:1 | Entered Level 1 of the Spider Nest
 18145 | Spider:1 | Noticed an emperor scorpion
 18189 | Shoals:1 | Entered Level 1 of the Shoals
 18595 | Shoals:1 | HP: 3/141 [merfolk aquamancer/ball of steam (17)]
 18598 | Shoals:1 | HP: 1/141 [something (2)]
 18600 | Shoals:1 | Slain by a merfolk

Skill      XL: |  1  2  3  4  5  6  7  8  9 10 11 12 13 14 |
---------------+-------------------------------------------+-----
Dodging        | 3 4 5 6 7 8 9 11 12 | 12.8
Fighting       | 3 4 5 6 7 9 10 11 13 | 13.0
Axes           | 4 5 6 8 9 11 12 14 15 16 | 16.1
Armour         | 3 4 5 6 7 8 9 10 | 10.8
Shields        | 1 2 3 4 5 6 7 8 9 |  9.2
Stealth        | 1 |  1.3

Action                   |  1- 3 |  4- 6 |  7- 9 | 10-12 | 13-15 || total
-------------------------+-------+-------+-------+-------+-------++-------
Melee: Hand axe          |   123 |   195 |   421 |       |       ||   739
       War axe           |       |       |    88 |   666 |   984 ||  1738
Throw: Stone             |       |       |     8 |    34 |    11 ||    53
       Javelin           |       |       |     1 |       |       ||     1
       Tomahawk          |       |       |       |     9 |     6 ||    15
Invok: Trog's Hand       |       |     4 |    16 |    31 |    52 ||   103
       Berserk           |       |     4 |     8 |    15 |    18 ||    45
  Use: Scroll            |     1 |       |     5 |     9 |    20 ||    35
       Potion            |       |     4 |     4 |     1 |    11 ||    20
 Stab: Invisible         |       |       |       |       |     1 ||     1
  Eat: Chunk             |       |     9 |    24 |    36 |    46 ||   115
       Ration            |       |       |       |     3 |     5 ||     8
Armor: Chain mail        |    68 |    79 |   126 |       |       ||   273
       Leather armour    |     3 |       |       |       |       ||     3
       Plate armour      |       |       |   105 |   278 |   458 ||   841
       Skin              |       |       |       |     2 |       ||     2
Dodge: Dodged            |    42 |    70 |   139 |   298 |   476 ||  1025
Block: Buckler           |    31 |    51 |   140 |   237 |   247 ||   706
       Shield            |       |       |       |       |   166 ||   166
